 Dungeon Crawl Stone Soup version 0.28.0 (webtiles) character file.

Game seed: 18416251498451376011

416 browni3141 the Shield-Bearer (level 6, 0/78 HPs)
             Began as a Minotaur Berserker on Feb 15, 2022.
             Was a Believer of Trog.
             Succumbed to a killer bee's poison
             ... on level 4 of the Dungeon.
             The game lasted 00:01:46 (2999 turns).

browni3141 the Shield-Bearer (Minotaur Berserker)   Turns: 2999, Time: 00:01:47

Health: 0/78       AC: 10    Str: 24    XL:     6   Next: 60%
Magic:  5/5        EV:  5    Int:  4    God:    Trog [**....]
Gold:   148        SH: 13    Dex:  9    Spells: 5/5 levels left

rFire   . . .      SeeInvis .   t - +1 hand axe (freeze)
rCold   . . .      Faith    .   d - +0 tower shield
rNeg    . . .      Spirit   .   i - +0 chain mail
rPois   .          Reflect  .   (helmet restricted)
rElec   .          Harm     .   g - +0 cloak
rCorr   .          Rampage  .   (no gloves)
Will    .....                   (no boots)
Stlth   ..........              (no amulet)
HPRegen 0.23/turn               (no ring)
MPRegen 0.09/turn               (no ring)

@: berserking, lethally poisoned (0 -> -17), very quick
A: horns 2, retaliatory headbutt
a: Renounce Religion, Berserk, Trog's Hand


You were on level 4 of the Dungeon.
You worshipped Trog.
Trog was pleased with you.
You visited 1 branch of the dungeon, and saw 4 of its levels.

You collected 148 gold pieces.

Inventory:

Hand Weapons
 a - a +0 hand axe
 t - a +1 hand axe of freezing (weapon)
Missiles
 c - 5 curare-tipped darts (quivered)
Armour
 b - a +0 animal skin
 d - a +0 tower shield (worn)
 g - a +0 cloak (worn)
 i - a +0 chain mail (worn)
Scrolls
 f - a scroll of teleportation {unknown}
 j - a scroll of blinking {unknown}
 k - a scroll of immolation {unknown}
 l - a scroll of enchant armour {unknown}
 m - a scroll of magic mapping {unknown}
 o - a scroll of acquirement {unknown}
 q - a scroll of noise {unknown}
Potions
 e - a potion of berserk rage {unknown}
 h - 4 potions of curing {unknown}
 n - a potion of haste {unknown}
 p - a potion of brilliance {unknown}
 r - 2 potions of might {unknown}
 s - a potion of lignification {unknown}


   Skills:
 - Level 4.0 Fighting
 - Level 4.0 Axes
 - Level 2.9 Armour
 - Level 2.6 Dodging
 * Level 7.3 Shields


You had 5 spell levels left.
You didn't know any spells.
Your spell library was empty.

Dungeon Overview and Level Annotations

Branches:
Dungeon (4/15)
 Temple: D:4-7

Altars:
Nemelex Xobeh


Innate Abilities, Weirdness & Mutations

You have a pair of horns on your head.
You reflexively headbutt those who attack you in melee.


Message History

You miss the killer bee. You barely miss the killer bee.
You feel sick. The killer bee stings you.
* * * LOW HITPOINT WARNING * * *
You are lethally poisoned!
The killer bee poisons you! The killer bee stings you.
* * * LOW HITPOINT WARNING * * *
You are more poisoned.
The killer bee poisons you! The killer bee closely misses you.
The killer bee barely misses you. You furiously retaliate!
You headbutt the killer bee!!
You kill the killer bee!
Trog accepts your kill. You block the killer bee's attack.
Your Shields skill increases to level 6!
You have reached level 6!
You slash the killer bee! You freeze the killer bee.
You kill the killer bee!
Trog accepts your kill.
You slash the killer bee! You freeze the killer bee.
You feel the power of Trog in you as your rage grows.
You kill the killer bee!
Trog accepts your kill.
* * * LOW HITPOINT WARNING * * *
You feel very sick.
Your Shields skill increases to level 7!
Unknown command.
You closely miss the killer bee. Your headbutt misses the killer bee.
You hit the killer bee. You freeze the killer bee.
* * * LOW HITPOINT WARNING * * *
You feel very sick. The killer bee completely misses you.
You block the killer bee's attack. x2
The killer bee closely misses you. You furiously retaliate!
You headbutt the killer bee!!
You kill the killer bee!
Trog accepts your kill.
Unknown command.
You hit the killer bee. You freeze the killer bee.
Your headbutt misses the killer bee.
The killer bee is heavily wounded.
You die...

#.#
#.##.........#.##
#.###.##.#########.#
#.>......# #.#
#####.#### #+#
#.###### ...
#......# ....
####.#.### .....
##.....?#......
#......@†......
#.#....#y#......
#.#...#.#.# .....
#.###....#.# .... ##
#..####.# ... #.#.
#.# +# #.#. #.# ..#


You could see a killer bee.

Vanquished Creatures
  A scorpion (D:3)
  5 killer bees (D:4)
  2 gnolls (D:1)
  4 adders
  2 worms
  2 dart slugs (D:1)
  An orc (D:2)
  6 ball pythons
  5 endoplasms
  4 giant cockroaches
  5 goblins
  6 hobgoblins
  5 jackals
  4 kobolds
  3 quokkas
  9 bats
  A frilled lizard (D:1)
  9 rats
74 creatures vanquished.

Notes
Turn   | Place    | Note
-------+----------+-------------------------------------------
     0 | D:1      | browni3141 the Minotaur Berserker began the quest for the
                  | Orb.
     0 | D:1      | Reached XP level 1. HP: 19/19 MP: 0/0
    34 | D:1      | HP: 1/30 [dart slug/slug dart (2)]
    37 | D:1      | Reached XP level 2. HP: 2/27 MP: 1/1
   663 | D:1      | Reached skill level 1 in Shields
   663 | D:1      | Reached XP level 3. HP: 21/33 MP: 2/2
   780 | D:1      | Reached skill level 2 in Shields
   973 | D:1      | Reached ** piety under Trog
  1522 | D:2      | Reached skill level 3 in Shields
  1522 | D:2      | Reached XP level 4. HP: 32/40 MP: 3/3
  1703 | D:2      | Found the +6 lightning scales {swift, rElec}
  2206 | D:3      | Noticed a scorpion
  2210 | D:3      | Killed a scorpion
  2211 | D:3      | Reached skill level 4 in Shields
  2211 | D:3      | Reached XP level 5. HP: 46/46 MP: 4/4
  2306 | D:3      | Found a sparkling altar of Nemelex Xobeh.
  2434 | D:3      | Reached skill level 5 in Shields
  2997 | D:4      | Reached skill level 6 in Shields
  2997 | D:4      | Reached XP level 6. HP: 13/52 MP: 5/5
  2998 | D:4      | Reached skill level 7 in Shields
  2998 | D:4      | HP: 2/78 [poisoned by a killer bee]
  2999 | D:4      | Succumbed to a killer bee's poison

Illustrated notes

Levels and vault maps discovered:
D:1:      matt_arrival_spirals, layout_rooms, minmay_heptomino_d4
D:2:      layout_basic, dreamdust_ecumenical_altar_hidden_monk_grotto
D:3:      layout_basic, nemelex_altar_shiori, nrook_mini_vaults
D:4:      layout_loops_corners, portal_sewer_entry_b, enter_ossuary_2

Skill      XL: |  1  2  3  4  5  6 |
---------------+-------------------+-----
Fighting       | 4 |  4.0
Axes           | 4 |  4.0
Shields        | 1 3 4 6 7 |  7.3
Armour         | |  2.9
Dodging        | |  2.6

Action                   |  1- 3 |  4- 6 || total
-------------------------+-------+-------++-------
Melee: Hand axe          |    74 |    63 ||   137
       Headbutt          |     6 |    13 ||    19
Invok: Berserk           |     1 |     2 ||     3
Armor: Animal skin       |    12 |       ||    12
       Chain mail        |    14 |    41 ||    55
Dodge: Dodged            |    60 |    32 ||    92
Block: Tower shield      |       |    13 ||    13
